 Dungeon Crawl Stone Soup version 0.26.1-11-gd32895ea62 (webtiles) character file.

Game seed: 15088784169132596551

128265 Jerry the Bludgeoner (level 16, -2/161 HPs)
             Began as a Troll Gladiator on June 8, 2021.
             Was an Initiate of Gozag.
             Slain by a boulder beetle (8 damage)
             ... on level 15 of the Dungeon.
             The game lasted 02:03:24 (26601 turns).

Jerry the Bludgeoner (Troll Gladiator)             Turns: 26601, Time: 02:03:24

Health: -2/161     AC: 21    Str: 26    XL:     16   Next: 48%
Magic:  15/15      EV: 14    Int:  8    God:    Gozag
Gold:   1561       SH:  0    Dex: 12    Spells: 15/15 levels left

rFire    + + .     SeeInvis .   x - +5 morningstar (freeze)
rCold    . . .     Faith    .   (no shield)
rNeg     . . .     Spirit   .   O - +1 fire dragon scales
rPois    +         Reflect  .   v - +1 hat of Going Fast {Slay+5}
rElec    .         Harm     .   B - +1 cloak of Leaves {rC+ Will+ Regen+}
rCorr    +         Rampage  .   (gloves unavailable)
Will     ++...                  (boots unavailable)
Stlth    ..........             e - amulet of the acrobat
HPRegen  1.16/turn              a - ring of resist corrosion
MPRegen  0.14/turn              c - ring of poison resistance

@: gold aura
A: large, unfitting armour, claws 3, regeneration 1, shaggy fur 1, tough skin 3
a: Renounce Religion, Potion Petition, Call Merchant, Bribe Branch


You were on level 15 of the Dungeon.
You worshipped Gozag.
Gozag was most pleased with you.
You visited 4 branches of the dungeon, and saw 24 of its levels.
You visited the Abyss 1 time.
You also visited: Bailey and Gauntlet.

You collected 8057 gold pieces.
You spent 1200 gold pieces at shops.
You paid 5296 gold pieces to Gozag.

Inventory:

Hand Weapons
 s - a +7 vorpal whip
 x - a +5 morningstar of freezing (weapon)
Missiles
 Y - 20 large rocks (quivered)
Armour
 v - the +1 hat of Going Fast (worn) {Slay+5}
   (You acquired it on level 13 of the Dungeon)

   It affects your accuracy and damage with ranged weapons and melee attacks
   (+5).
 y - a +2 troll leather armour
 B - the +1 cloak of Leaves (worn) {rC+ Will+ Regen+}
   (You bought it in a shop on level 14 of the Dungeon)

   It protects you from cold.
   It affects your willpower, your defense against some magical effects.
   It increases your rate of regeneration.
 N - a +2 hat of willpower
 O - +1 fire dragon scales (worn)
Jewellery
 a - a ring of resist corrosion (left claw)
 c - a ring of poison resistance (right claw)
 d - an uncursed ring of flight
 e - an amulet of the acrobat (around neck)
 I - an uncursed ring of see invisible
Wands
 b - a wand of acid (27)
 w - a wand of paralysis (14)
 C - a wand of polymorph (5)
 G - a wand of disintegration (4)
 K - a wand of iceblast (11)
 L - a wand of random effects (26)
 V - a wand of enslavement (11)
Scrolls
 f - a scroll of fear
 h - 6 scrolls of teleportation
 i - 17 scrolls of remove curse
 k - 4 scrolls of identify
 p - 4 scrolls of amnesia
 r - 2 scrolls of magic mapping
 t - 2 scrolls of fog
 F - 5 scrolls of blinking
 H - 6 scrolls of enchant weapon
 M - a scroll of enchant armour
Potions
 g - 8 potions of curing
 j - 2 potions of cancellation
 l - 4 potions of might
 m - 8 potions of heal wounds
 n - 10 potions of haste
 u - 3 potions of attraction
 z - 3 potions of invisibility
 A - 3 potions of magic
 D - 4 potions of ambrosia
 E - 3 potions of mutation {unknown}
 J - a potion of resistance
 T - 2 potions of flight
 U - a potion of brilliance
Miscellaneous
 o - a condenser vane
 R - a phantom mirror
 S - a phantom mirror
 W - a lightning rod (4/4)
 X - a phial of floods


   Skills:
 - Level 10.6 Fighting
 + Level 16.0 Maces & Flails
 - Level 1.7 Throwing
 + Level 13.0 Armour
 - Level 12.8 Dodging


You had 15 spell levels left.
You didn't know any spells.
Your spell library contained the following spells:

 Spells                   Type           Power        Failure   Level
 Animate Skeleton         Necr           0%           67%         1
 Apportation              Tloc           0%           67%         1
 Corona                   Hex            0%           67%         1
 Foxfire                  Conj/Fire      0%           67%         1
 Freeze                   Ice            0%           67%         1
 Magic Dart               Conj           0%           67%         1
 Sandblast                Erth           0%           67%         1
 Summon Small Mammal      Summ           0%           67%         1
 Blink                    Tloc           N/A          80%         2
 Call Imp                 Summ           0%           80%         2
 Ensorcelled Hibernation  Hex/Ice        0%           80%         2
 Passwall                 Tmut/Erth      0%           80%         2
 Slow                     Hex            0%           80%         2
 Call Canine Familiar     Summ           0%           95%         3
 Confusing Touch          Hex            0%           95%         3
 Conjure Flame            Conj/Fire      0%           95%         3
 Dazzling Flash           Conj/Hex       0%           95%         3
 Frozen Ramparts          Ice            0%           95%         3
 Gell's Gravitas          Tloc           0%           95%         3
 Inner Flame              Hex/Fire       0%           95%         3
 Mephitic Cloud           Conj/Pois/Air  0%           95%         3
 Ozocubu's Armour         Ice            0%           95%         3
 Portal Projectile        Hex/Tloc       0%           95%         3
 Stone Arrow              Conj/Erth      0%           95%         3
 Summon Guardian Golem    Hex/Summ       0%           95%         3
 Tukima's Dance           Hex            0%           95%         3
 Hailstorm                Conj/Ice       0%           100%        4
 Petrify                  Tmut/Erth      0%           100%        4
 Sticky Flame             Conj/Fire      0%           100%        4
 Summon Ice Beast         Ice/Summ       0%           100%        4
 Summon Lightning Spire   Summ/Air       0%           100%        4
 Fireball                 Conj/Fire      0%           100%        5
 Lee's Rapid Deconstruct  Erth           0%           100%        5
 Summon Demon             Summ           0%           100%        5
 Summon Forest            Summ/Tloc      0%           100%        5
 Summon Mana Viper        Hex/Summ       0%           100%        5
 Dispersal                Tloc           0%           100%        6
 Shadow Creatures         Summ           N/A          100%        6
 Summon Hydra             Summ           0%           100%        7
 Disjunction              Tloc           0%           100%        8


Dungeon Overview and Level Annotations

Branches:
Dungeon (15/15)            Temple (1/1) D:4            Lair (6/6) D:9
  Swamp (0/4) Lair:3        Snake (0/4) Lair:3        Slime (0/5) Lair:5
    Orc (2/2) D:9          Vaults (0/5) D:13         Bailey (visited)
Gauntlet (visited)
    Elf: Orc:2       Depths: D:15

Altars:
Ashenzari
Cheibriados
Dithmenos
Elyvilon
Fedhas
Gozag
Hepliaklqana
Kikubaaqudgha
Makhleb
Nemelex Xobeh
Okawaru
Qazlal
Ru
Sif Muna
Trog
Uskayaw
Vehumet
Wu Jian
Xom
Yredelemnul
Zin
The Shining One
Jiyva

Shops:
D:7 *   D:8 [   D:9 :   D:11 (?[}   D:14 [   Lair:3 (   Lair:4 **[

Portals:
Trove: D:11 (show slimy rune of Zot)

Annotations:
D:15 Agnes


Innate Abilities, Weirdness & Mutations

You are too large for most types of armour.
You have claws for hands.
Your natural rate of healing is unusually fast.
You are covered in fur. (AC +1)
You have extremely tough skin. (AC +3)


Message History

You hit the boulder beetle but do no damage.
The boulder beetle bites you!
* * * LOW HITPOINT WARNING * * *
You hit the boulder beetle but do no damage.
The boulder beetle bites you!
* * * LOW HITPOINT WARNING * * *
You sock the boulder beetle! You freeze the boulder beetle.
The boulder beetle is moderately wounded.
You sock the boulder beetle! You freeze the boulder beetle.
The boulder beetle is moderately wounded.
The boulder beetle bites you!
* * * LOW HITPOINT WARNING * * *
You puncture the boulder beetle! You freeze the boulder beetle.
The boulder beetle is severely wounded.
The boulder beetle closely misses you.
You hit the boulder beetle. You freeze the boulder beetle.
The boulder beetle is severely wounded.
The boulder beetle bites you!
You die...
Your body crumbles into a pile of gold.

........+ ........#
#######
#####...#####.....#
....#.............#
..§.#.............#
....#.......#######
..≈.#.......#.....#
F⌠≈.....#####.....#
≈[≈.....# #...@.#
....#...+ #...B.#
....#...# +.....#
....#...# #.....#
....#...# #.....#
....#...# +.....#
....#...# #.....#
....##### ###+###
....#


You could see a boulder beetle.

Vanquished Creatures
  A tentacled starspawn (Abyss:2)
  A tengu reaver (D:14)
  A daeva (Abyss:2)
  A stone giant (D:14)
  A minotaur (Gauntlet)
  2 green deaths (Abyss:2)
  An ogre mage (D:15)
  8 hydras
  2 boulder beetles
  3 centaur warriors
  2 tengu warriors (D:15)
  2 catoblepae
  10 death yaks
  A deep troll shaman (Lair:6)
  4 two-headed ogres
  Nergalle (Lair:2)
  A thrashing horror (Abyss:2)
  A deep elf knight (D:14)
  3 flayed ghosts
  4 unseen horrors
  A glowing orange brain (Gauntlet)
  2 orc knights
  2 necromancers (D:13)
  A phantasmal warrior (D:14)
  2 lindwurms (Lair:6)
  2 ugly things (Gauntlet)
  A wolf spider (D:14)
  3 oklob plants (Lair:6)
  4 manticores
  A deep elf mage (D:15)
  4 cyclopes
  An elephant (shapeshifter) (D:14)
  7 elephants
  A smoke demon (Abyss:2)
  6 black mambas
  An orange demon (Abyss:2)
  A black mamba (shapeshifter) (D:15)
  A rust devil (Gauntlet)
  Maggie (D:6)
  5 gargoyles
  6 centaur skeletons
  2 torpor snails
  A kobold demonologist (D:15)
  2 rime drakes (Lair:4)
  2 yaktaurs (D:14)
  6 komodo dragons
  19 cane toads
  4 polar bears
  An ancient zyme (Abyss:2)
  A queen bee (Gauntlet)
  5 trolls
  2 hornets
  A raiju (Abyss:2)
  14 blink frogs
  5 slime creatures
  4 dream sheep (Lair:5)
  2 centaur simulacra (D:12)
  2 small abominations (Abyss:2)
  A water elemental (D:12)
  Sigmund (D:4)
  3 large abominations (Abyss:2)
  3 vampires
  2 ynoxinuls
  4 shadows
  5 wraiths
  2 wyverns
  59 yaks
  4 basilisks
  A fire bat (D:9)
  A human (D:14)
  Grum (Lair:1)
  4 vampire mosquitoes (D:15)
  A soldier ant (D:15)
  3 acid dragons
  21 water moccasins
  11 orc warriors
  3 phantoms
  4 sky beasts
  6 black bears
  3 ice beasts
  10 ogres
  27 wolves
  2 eyes of draining
  A necrophage (D:11)
  12 centaurs
  4 big kobolds
  13 bullfrogs
  Blork the orc (D:6)
  A wyvern zombie (D:14)
  2 scorpions
  21 killer bees
  15 wights
  5 howler monkeys
  4 electric eels
  2 bullfrog zombies
  3 quasits
  3 centaur zombies
  8 orc priests
  7 hounds
  3 jellies
  A bullfrog skeleton (D:4)
  3 iron imps (Gauntlet)
  Ijyb (D:3)
  5 iguanas
  5 orc wizards
  3 worker ants
  3 hell rats (Lair:6)
  2 worker ant zombies
  11 gnolls
  23 adders
  4 river rats
  A shadow imp (D:9)
  4 white imps
  An ufetubus (D:12)
  An adder skeleton (D:4)
  8 worms
  2 dart slugs
  6 leopard geckos
  30 orcs
  3 ball pythons
  6 giant cockroaches
  11 goblins
  12 hobgoblins
  29 jackals
  6 quokkas
  17 bats
  A frilled lizard (D:3)
  2 jackal skeletons
  41 kobolds
  A leopard gecko skeleton (D:5)
  A quokka zombie (D:9)
  9 rats
716 creatures vanquished.

Vanquished Creatures (others)
  4 demonic plants (Gauntlet)
  36 fungi
  49 plants
  2 starspawn tentacles (Abyss:2)
91 creatures vanquished.

Grand Total: 807 creatures vanquished

Notes
Turn   | Place    | Note
-------+----------+-------------------------------------------
     0 | D:1      | Jerry the Troll Gladiator began the quest for the Orb.
     0 | D:1      | Reached XP level 1. HP: 19/19 MP: 0/0
   163 | D:1      | Reached skill level 3 in Maces & Flails
   167 | D:1      | Reached XP level 2. HP: 23/28 MP: 1/1
   367 | D:1      | Reached XP level 3. HP: 32/35 MP: 2/2
  1454 | D:3      | Reached XP level 4. HP: 41/42 MP: 3/3
  1635 | D:3      | Reached skill level 4 in Maces & Flails
  1735 | D:3      | Reached XP level 5. HP: 44/50 MP: 4/4
  1988 | D:3      | Noticed Ijyb
  2001 | D:3      | Killed Ijyb
  2163 | D:4      | Noticed Sigmund
  2538 | D:4      | Killed Sigmund
  2539 | D:4      | Reached skill level 5 in Maces & Flails
  2539 | D:4      | Reached XP level 6. HP: 54/61 MP: 5/5
  2572 | D:4      | Found a staircase to the Ecumenical Temple.
  2590 | Temple   | Entered the Ecumenical Temple
  2662 | Temple   | Became a worshipper of Gozag Ym Sagoz the Greedy
  3119 | D:4      | Reached XP level 7. HP: 64/67 MP: 6/6
  3500 | D:5      | Entered Level 5 of the Dungeon
  4153 | D:5      | Reached skill level 6 in Maces & Flails
  5243 | D:6      | Noticed Maggie
  5267 | D:6      | Killed Maggie
  5268 | D:6      | Reached XP level 8. HP: 43/78 MP: 7/7
  5393 | D:6      | Reached skill level 7 in Maces & Flails
  5481 | D:6      | Noticed Blork the orc
  5490 | D:6      | Killed Blork the orc
  5760 | D:7      | Reached skill level 1 in Armour
  6140 | D:7      | Reached skill level 5 in Fighting
  6187 | D:7      | Reached skill level 8 in Maces & Flails
  6242 | D:7      | Found a shimmering altar of Xom.
  6315 | D:7      | Reached XP level 9. HP: 88/88 MP: 8/8
  6367 | D:7      | Found Othruf's Assorted Antiques.
  6779 | D:8      | Found Daupo's Armour Emporium.
  6786 | D:8      | Bought a +2 troll leather armour for 324 gold pieces
  7491 | D:9      | Identified a scroll of acquirement
  7491 | D:9      | Acquired a manual of Dodging
  7523 | D:9      | Reached skill level 5 in Dodging
  7531 | D:9      | Reached skill level 9 in Maces & Flails
  7774 | D:9      | Noticed a troll
  7783 | D:9      | Killed a troll
  7784 | D:9      | Reached XP level 10. HP: 89/98 MP: 9/9
  8076 | D:9      | Found a staircase to the Orcish Mines.
  8165 | D:9      | Found a glowing golden altar of the Shining One.
  8256 | D:9      | Found a staircase to the Lair.
  8546 | D:9      | Found Wupn's Book Boutique.
  8616 | D:9      | Found a runed translucent door.
  8641 | D:9      | Reached skill level 10 in Maces & Flails
  8683 | D:9      | Found a glowing silver altar of Zin.
  8693 | D:9      | Found a shimmering altar of Xom.
  8709 | D:9      | Found a sparkling altar of Nemelex Xobeh.
  8733 | D:9      | Found an ancient bone altar of Kikubaaqudgha.
  8886 | D:9      | Found an iron altar of Okawaru.
  8928 | D:9      | Found a shimmering blue altar of Sif Muna.
  9058 | D:9      | Noticed a flayed ghost
  9115 | Lair:1   | Entered Level 1 of the Lair of Beasts
  9267 | Lair:1   | Noticed a black mamba
  9283 | Lair:1   | Killed a black mamba
  9284 | Lair:1   | Reached skill level 5 in Armour
  9379 | Lair:1   | Noticed a cane toad
  9401 | Lair:1   | Killed a cane toad
  9618 | Lair:1   | Reached XP level 11. HP: 77/109 MP: 10/10
  9877 | Lair:1   | Reached skill level 11 in Maces & Flails
 10156 | Lair:1   | Noticed Grum
 10246 | Lair:1   | Killed Grum
 10575 | Lair:2   | Noticed an eight-headed hydra
 10815 | Lair:1   | Killed an eight-headed hydra
 11124 | Lair:2   | Noticed Nergalle
 11180 | Lair:2   | Killed Nergalle
 11236 | Lair:2   | You fall into a shaft and drop 1 floor!
 11311 | Lair:3   | Reached skill level 12 in Maces & Flails
 11496 | Lair:3   | Found a staircase to the Snake Pit.
 11504 | Lair:3   | Reached XP level 12. HP: 99/119 MP: 11/11
 11690 | Lair:3   | Found a staircase to the Swamp.
 12473 | Lair:3   | Bought a fine whip for 172 gold pieces
 12473 | Lair:3   | Identified the +3 whip of Sulphur {vorpal, *Slow Int+6
                  | Dex-4 Stlth+} (You bought it in a shop on level 3 of the
                  | Lair of Beasts)
 12492 | Lair:2   | Noticed an eight-headed hydra
 12502 | Lair:2   | Killed an eight-headed hydra
 12854 | Lair:2   | Reached skill level 10 in Dodging
 13491 | Orc:1    | Entered Level 1 of the Orcish Mines
 13691 | Orc:2    | Entered Level 2 of the Orcish Mines
 13691 | Orc:2    | Noticed a stone giant
 13730 | D:10     | Entered Level 10 of the Dungeon
 14421 | D:11     | Noticed a two-headed ogre
 14468 | D:11     | Killed a two-headed ogre
 14611 | D:11     | Found Myusamei's Weapon Shop.
 14749 | D:11     | Reached skill level 13 in Maces & Flails
 14945 | Lair:4   | Noticed a six-headed hydra
 14959 | Lair:4   | Killed a six-headed hydra
 15068 | Lair:4   | Found a gate leading to a gauntlet.
 15074 | Gauntlet | Entered a Gauntlet
 15074 | Gauntlet | Found a transporter.
 15082 | Gauntlet | Found a transporter.
 15083 | Gauntlet | Found a transporter.
 15097 | Gauntlet | Found a transporter.
 15099 | Gauntlet | Found a transporter.
 15101 | Gauntlet | Noticed a dire elephant
 15101 | Gauntlet | Noticed a hell hog
 15108 | Gauntlet | Found a transporter.
 15124 | Gauntlet | Found a transporter.
 15134 | Gauntlet | Found a transporter.
 15144 | Gauntlet | Found a transporter.
 15150 | Gauntlet | Found a transporter.
 15150 | Gauntlet | Found a transporter.
 15166 | Gauntlet | Found a transporter.
 15173 | Gauntlet | Found a runed translucent door.
 15175 | Gauntlet | Found a transporter.
 15176 | Gauntlet | Found a transporter.
 15183 | Gauntlet | Found a runed translucent door.
 15466 | Gauntlet | Noticed a tengu warrior
 15466 | Gauntlet | Noticed a tengu warrior
 15500 | Gauntlet | Reached XP level 13. HP: 30/131 MP: 12/12
 15602 | Gauntlet | Noticed a minotaur
 15635 | Gauntlet | HP: 4/131 [minotaur/+4 short sword of venom (15)]
 15637 | Gauntlet | Killed a minotaur
 17485 | Lair:5   | Found a viscous altar of Jiyva.
 17485 | Lair:5   | Found a staircase to the Slime Pits.
 17989 | Lair:6   | Entered Level 6 of the Lair of Beasts
 18591 | Lair:5   | Reached skill level 10 in Fighting
 19069 | Lair:5   | Reached XP level 14. HP: 143/143 MP: 13/13
 19412 | Lair:6   | Reached skill level 14 in Maces & Flails
 20501 | Lair:4   | Bought 2 potions of haste for 280 gold pieces
 20677 | D:11     | Found Eniyneje's Magic Scroll Shop.
 20683 | D:11     | Bought a scroll of identify for 30 gold pieces
 20683 | D:11     | Bought a scroll of identify for 30 gold pieces
 20683 | D:11     | Bought a scroll of teleportation for 45 gold pieces
 20683 | D:11     | Bought a scroll of identify for 30 gold pieces
 20683 | D:11     | Bought 3 scrolls of identify for 90 gold pieces
 20690 | D:11     | Reached skill level 10 in Armour
 20690 | D:11     | Reached XP level 15. HP: 152/152 MP: 14/14
 20771 | D:11     | Found Joymastro's Gadget Boutique.
 20815 | D:11     | Found a portal to a secret trove of treasure.
 20886 | D:11     | Found Rokuac's Armour Shop.
 21330 | D:12     | Found a frozen archway.
 22531 | D:13     | Found a white marble altar of Elyvilon.
 22843 | D:13     | Found a gate to the Vaults.
 23092 | D:13     | Acquired 453 gold pieces
 23094 | D:13     | Acquired the +1 hat of Going Fast {Slay+5}
 23198 | D:14     | Found a flagged portal.
 23211 | Bailey   | Entered a bailey
 23879 | D:14     | Reached skill level 15 in Maces & Flails
 24019 | D:14     | Noticed a tengu reaver
 24029 | D:14     | Killed a tengu reaver
 24213 | D:14     | Reached XP level 16. HP: 158/161 MP: 15/15
 24760 | D:14     | Bought a glimmering cloak for 199 gold pieces
 24760 | D:14     | Identified the +1 cloak of Leaves {rC+ Will+ Regen+} (You
                  | bought it in a shop on level 14 of the Dungeon)
 24830 | D:15     | Entered Level 15 of the Dungeon
 25846 | D:15     | Noticed Agnes
 25852 | D:15     | Cast into level 2 of the Abyss (Agnes)
 25977 | Abyss:2  | Found a corrupted altar of Lugonu.
 26143 | Abyss:2  | Noticed a tentacled starspawn
 26154 | Abyss:2  | Killed a tentacled starspawn
 26325 | D:15     | Escaped the Abyss
 26592 | D:15     | Reached skill level 16 in Maces & Flails
 26599 | D:15     | HP: 4/161 [boulder beetle (16)]
 26601 | D:15     | Slain by a boulder beetle

Illustrated notes

Levels and vault maps discovered:
D:1:      lemuel_arrival_rhombus, layout_rooms, hangedman_decor_growths,
          chequers_serial_rivers_micro_e
D:2:      layout_loops_cross, kennysheep_cluttered_room
D:3:      layout_rooms, serial_glass, glass_columns_b, glass_columns_a,
          serial_bayou_lagoon_b, uniq_ijyb
D:4:      minmay_door_path, layout_basic, minmay_temple_entry_waves,
          kennysheep_dice, uniq_sigmund
D:5:      layout_layer_cave, lightli_sewer_entry_pipes, nrook_loot_triangle,
          hangedman_abyss_or_decor_lesser_grid
D:6:      layout_loops_ring, uniq_blork_the_orc, uniq_maggie
D:7:      layout_gridville, general_overflow_altar, serial_shops, shop
D:8:      layout_loops_corners, serial_shops, shop, serial_rivers,
          chequers_serial_rivers_micro_e, chequers_serial_rivers_micro_e,
          chequers_serial_rivers_small_a, chequers_serial_rivers_room_a,
          chequers_serial_rivers_large_a, chequers_serial_rivers_marsh
D:9:      due_megacathedral, layout_basic, erik_lair_island, serial_shops,
          nicolae_shop_window_shopping, tso_metal_star
D:10:     layout_basic, corexii_hall_statues_t
D:11:     layout_rooms, serial_shops, shop_coins, kennysheep_little_box,
          kennysheep_mini, shop, enter_trove_3, minmay_misc_feat_square,
          small_statue_intersection
D:12:     layout_basic, portal_ice_cave_entry_pillars_2, serial_ice,
          serial_ice_e, serial_ice_b, serial_ice_m, serial_ice_c, serial_ice_i,
          serial_ice_n, serial_ice_g, serial_ice_o
D:13:     layout_stronghold, david_vaults_1, elyvilon_altar_4
D:14:     minmay_box_of_curves, layout_rooms, lightli_bailey_entry_fortress,
          minmay_misc_feat_five, grunt_livestock, serial_bayou_pond_c
D:15:     grunt_enter_depths_snipers, layout_grid_maze,
          corexii_leaking_fountain, grunt_dithmenos_shadows, uniq_agnes
Temple:   grunt_wide_crystal_templ
Lair:1:   layout_chaotic_city, uniq_grum
Lair:2:   layout_hall_layers, minivault_24, grunt_megastairs_1, uniq_nergalle
Lair:3:   layout_big_grid, swamp_mist, minmay_snake_entry_six_corridors,
          serial_forest, infiniplex_forest_zigzag_1, infiniplex_forest_lined_2,
          infiniplex_forest_diagonal, infiniplex_forest_lined_corner,
          infiniplex_forest_corner_1, infiniplex_forest_straight_4,
          infiniplex_forest_lined_4_way, infiniplex_forest_clump_large,
          serial_bayou_lagoon_a, chequers_serial_rivers_large_b
Lair:4:   layout_cave_pods, gauntlet_entry_generic, minivault_26
Lair:5:   layout_cave_pods, dpeg_slime_entry_enclosed_altar, pond,
          infiniplex_staircase_pool_2
Lair:6:   grunt_lair_end_beastmaster, layout_long_grid,
          kennysheep_abandoned_house, minmay_lair_oklob_chamber
Orc:1:    layout_caves, uniq_maurice
Orc:2:    grunt_orc_gardens, layout_caves, grunt_orc_garden, grunt_orc_garden,
          grunt_orc_garden, grunt_orc_garden, serial_shops,
          nicolae_shop_waterfront

Skill      XL: |  1  2  3  4  5  6  7  8  9 10 11 12 13 14 15 16 |
---------------+-------------------------------------------------+-----
Maces & Flails | 3 4 5 6 8 9 10 12 13 14 15 16 | 16.0
Fighting       | 2 3 4 5 6 7 8 9 10 | 10.6
Dodging        | 3 4 6 7 9 11 12 | 12.8
Armour         | 2 4 5 6 7 9 10 12 13 | 13.0
Throwing       | |  1.7

Action                   |  1- 3 |  4- 6 |  7- 9 | 10-12 | 13-15 | 16-18 || total
-------------------------+-------+-------+-------+-------+-------+-------++-------
Melee: Flail             |   140 |    41 |       |       |       |       ||   181
       Whip              |       |   138 |   421 |  1274 |   402 |       ||  2235
       Morningstar       |       |       |       |       |   717 |   314 ||  1031
Invok: Call Merchant     |       |       |       |     1 |     3 |     1 ||     5
 Abil: Evoke Flight      |       |       |       |       |     2 |       ||     2
Evoke: Wand              |       |       |       |     9 |     2 |       ||    11
  Use: Scroll            |       |       |    13 |     8 |    15 |     5 ||    41
       Potion            |       |       |       |       |     5 |     2 ||     7
 Stab: Sleeping          |     1 |       |     1 |       |       |       ||     2
       Distracted        |       |     1 |     2 |       |     6 |     2 ||    11
       Petrified         |       |       |       |       |    12 |       ||    12
       Invisible         |       |       |       |       |     2 |       ||     2
       Petrifying        |       |       |       |       |     1 |       ||     1
Armor: Robe              |    59 |    59 |    25 |       |       |       ||   143
       Steam dragon scal |       |       |    55 |       |       |       ||    55
       Troll leather arm |       |       |    29 |   377 |   335 |     8 ||   749
       Fire dragon scale |       |       |       |       |       |   112 ||   112
Dodge: Dodged            |   116 |   108 |   214 |   726 |   721 |   239 ||  2124
